 Dungeon Crawl Stone Soup version 0.30-a0-377-g5cb311bc9f (webtiles) character file.

Game seed: 15853892450927183158

163 pokeman the Magician (level 5, -1/29 HPs)
             Began as a Deep Elf Hedge Wizard on Nov 27, 2022.
             Slain by a gnoll bouda
             ... wielding a +0 club
              (3 damage)
             ... on level 3 of the Dungeon.
             The game lasted 00:05:12 (2060 turns).

pokeman the Magician (Deep Elf Hedge Wizard)        Turns: 2060, Time: 00:05:13

Health: -1/29      AC:  3    Str:  7    XL:     5   Next: 20%
Magic:  4/15       EV: 16    Int: 21    God:
Gold:   109        SH:  0    Dex: 14    Spells: 8/16 levels left

rFire   . . .      SeeInvis .    j - +2 short sword (drain)
rCold   . . .      Faith    .    (no shield)
rNeg    . . .      Spirit   .    m - +0 leather armour
rPois   .          Reflect  .    c - +0 hat
rElec   .          Harm     .    (no cloak)
rCorr   .          Rampage  .    (no gloves)
Will    .....                    (no boots)
Stlth   ++........               (no amulet)
HPRegen 0.24/turn                p - +4 ring of evasion
MPRegen 0.14/turn                (no ring)

@: very slightly contaminated
A: no striking features
a: no special abilities


You were on level 3 of the Dungeon.
You visited 1 branch of the dungeon, and saw 3 of its levels.

You collected 109 gold pieces.

Inventory:

Hand Weapons
 j - a +2 short sword of draining (weapon)
Armour
 c - a +0 hat (worn)
 m - a +0 leather armour (worn)
Jewellery
 p - a +4 ring of evasion (left hand)
Scrolls
 f - a scroll of summoning {unknown}
 g - a scroll of immolation {unknown}
 h - 2 scrolls of teleportation {unknown}
 k - a scroll of magic mapping {unknown}
 n - a scroll of silence {unknown}
 q - a scroll of identify {unknown}
Potions
 a - a potion of flight {unknown}
 b - a potion of degeneration {unknown}
 d - a potion of magic
 e - 3 potions of curing {unknown}
 i - a potion of lignification {unknown}
 l - a potion of attraction {unknown}
 o - 2 potions of heal wounds {unknown}


   Skills:
 - Level 1.1 Fighting
 - Level 1.1 Armour
 + Level 2.9 Dodging
 - Level 3.0 Stealth
 * Level 6.1 Spellcasting
 + Level 2.7 Conjurations
 - Level 1.1 Summonings
 - Level 1.1 Translocations
 + Level 0.0 Poison Magic


You had 8 spell levels left.
You knew the following spells:

 Your Spells              Type           Power      Damage    Failure   Level
a - Magic Dart            Conj           68%        1d6       4%          1
b - Mephitic Cloud        Conj/Pois/Air  10%        N/A       28%         3
c - Call Imp              Summ           11%        N/A       14%         2
d - Blink                 Tloc           22%        N/A       14%         2

Your spell library contained the following spells:

 Spells                   Type           Power      Damage    Failure   Level
 Slow                     Hex            24%        N/A       14%         1
 Cigotuvi's Dreadful Rot  Necr/Pois/Air  12%        N/A       22%         2
 Gell's Gravitas          Tloc           11%        N/A       26%         3
 Teleport Other           Tloc           11%        N/A       26%         3
 Dispersal                Tloc           5%         N/A       100%        6


Dungeon Overview and Level Annotations

Branches:
Dungeon (3/15)

Altars:


Message History

You barely miss the gnoll.
The gnoll hits the worm with a +0 spear.
The gnoll hits you from afar with a +0 spear!
Unknown command.
Unknown command.
You barely miss the worm.
The worm is moderately wounded.
The gnoll barely misses you. The gnoll misses you.
You hit the gnoll.
The gnoll is lightly wounded.
The gnoll hits you from afar with a +0 spear.
Unknown command.
The gnoll barely misses you.
The gnoll hits itself with a +0 spear.
Casting: Mephitic Cloud (extremely dangerous; 28% risk of failure)
Confirm with . or Enter, or press ? or * to list all spells.
The spell is extremely dangerous to miscast (28% risk of failure)!
Continue anyway?
Aiming: Mephitic Cloud (extremely dangerous; 28% risk of failure)
Press: ? - help, Shift-Dir - straight line, f - gnoll bouda, p - gnoll
Aim: a gnoll bouda, wielding a +0 club and wearing a +0 leather armour (chance to affect: 86%) That beam is likely to hit you.
Continue anyway?
You miscast Mephitic Cloud.
You are very lightly contaminated with residual magic.
Nothing appears to happen.
The gnoll misses you. The gnoll bouda barely misses you.
Unknown command.
Casting: Mephitic Cloud (extremely dangerous; 28% risk of failure)
Confirm with . or Enter, or press ? or * to list all spells.
The spell is extremely dangerous to miscast (28% risk of failure)!
Continue anyway?
Aiming: Mephitic Cloud (extremely dangerous; 28% risk of failure)
Press: ? - help, Shift-Dir - straight line, f/p - gnoll bouda
Aim: a gnoll bouda, wielding a +0 club and wearing a +0 leather armour (chance to affect: 86%) That beam is likely to hit you.
Continue anyway?
You miscast Mephitic Cloud.
You are caught in an explosion of electrical discharges!
* * * LOW HITPOINT WARNING * * *
The gnoll hits you from afar with a +0 spear.
* * * LOW HITPOINT WARNING * * *
The gnoll barely misses you.
The gnoll bouda hits you with a +0 club.
You die...

#.# ....... #.# .......
####.# ....... #<##.#
....... #.##.# .......
#.##.# .......
#.#....##########.......
........[........gg†......
###$............@g).w.....
################.#######
#.# #.# #.# #.# #?. ##


You could see a gnoll bouda, a worm (confused) and 2 gnolls.

Vanquished Creatures
  2 orc priests (D:2)
  2 gnolls (D:3)
  3 adders
  2 worms (D:2)
  2 dart slugs (D:2)
  3 orcs
  2 endoplasms
  7 giant cockroaches
  2 goblins (D:1)
  4 hobgoblins
  2 kobolds (D:1)
  4 ball pythons
  5 bats
  2 frilled lizards
  5 rats
47 creatures vanquished.

Notes
Turn   | Place    | Note
-------+----------+-------------------------------------------
     0 | D:1      | pokeman the Deep Elf Hedge Wizard began the quest for the
                  | Orb.
     0 | D:1      | Reached XP level 1. HP: 10/10 MP: 7/7
   213 | D:1      | Found a faded altar of an unknown god.
   224 | D:1      | Reached XP level 2. HP: 15/15 MP: 5/9
   918 | D:1      | Reached skill level 5 in Spellcasting
  1179 | D:2      | Reached XP level 3. HP: 20/20 MP: 11/11
  1183 | D:2      | Learned a level 3 spell: Mephitic Cloud
  1186 | D:2      | Learned a level 2 spell: Call Imp
  1189 | D:2      | Learned a level 2 spell: Blink
  1509 | D:2      | Reached skill level 1 in Fighting
  1509 | D:2      | Reached skill level 1 in Armour
  1509 | D:2      | Reached XP level 4. HP: 25/25 MP: 4/13
  1890 | D:3      | Reached skill level 6 in Spellcasting
  1893 | D:3      | Reached XP level 5. HP: 29/29 MP: 11/15
  2060 | D:3      | Slain by a gnoll bouda

Illustrated notes

Levels and vault maps discovered:
D:1:      ncdulo_wetmaze, layout_basic, hellmonk_ecumenical_altar_heavens_door
D:2:      layout_basic, minmay_curled_crystal
D:3:      layout_basic, portal_sewer_entry_e, reono_crystal_passage,
          minmay_fractal_squares_5

Skill      XL: |  1  2  3  4  5 |
---------------+----------------+-----
Spellcasting   | 5 6 |  6.1
Conjurations   | 2 |  2.7
Fighting       | 1 |  1.1
Armour         | 1 |  1.1
Stealth        | 3 |  3.0
Dodging        | |  2.9
Summonings     | |  1.1
Translocations | |  1.1

Action                   |  1- 3 |  4- 6 || total
-------------------------+-------+-------++-------
Melee: Short sword       |    12 |    28 ||    40
       Punch             |       |     1 ||     1
 Cast: Magic Dart        |    54 |    18 ||    72
       Mephitic Cloud    |     4 |     3 ||     7
 Stab: Sleeping          |     2 |     1 ||     3
       Confused          |     1 |     2 ||     3
Armor: Robe              |     3 |     1 ||     4
       Leather armour    |       |     4 ||     4
Dodge: Dodged            |     6 |    36 ||    42

Table legend: (Time is in decaauts)
 A = Elapsed time spent in this place.
 B = Non-inter-level travel time spent in this place.
 C = Inter-level travel time spent in this place.
 D = Time resting spent in this place.
 E = Time spent auto-exploring this place.
 F = Levels seen in this place.
 G = Mean time per level.
                   A        B        C        D        E       F      G
               +--------+--------+--------+--------+--------+-----+--------+
         Total |   2065 |   1915 |    150 |    160 |   1411 |   3 |  688.3 |
       Dungeon |   2065 |   1915 |    150 |    160 |   1411 |   3 |  688.3 |
               +--------+--------+--------+--------+--------+-----+--------+

Top non-repeatable levels by time:
     D:1: 1178 daAuts
     D:2: 773 daAuts
     D:3: 114 daAuts
